 Dungeon Crawl Stone Soup version 0.26.0-10-g1f06aea511 (webtiles) character file.

Game seed: 15290765099516719837

189258 vatarom the Scorcher (level 17, -6/112 HPs)
             Began as a Deep Elf Fire Elementalist on Feb 3, 2021.
             Was the Champion of Vehumet.
             Mangled by a seven-headed hydra (8 damage)
             ... on level 4 of the Swamp.
             The game lasted 01:37:02 (49613 turns).

vatarom the Scorcher (Deep Elf Fire Elementalist)  Turns: 49613, Time: 01:37:03

Health: -6/112     AC: 15    Str: 10    XL:     17   Next: 94%
Magic:  33/38      EV: 16    Int: 23    God:    Vehumet [******]
Gold:   1063       SH:  7    Dex: 18    Spells: 3/46 levels left

rFire    . . .     SeeInvis +   O - staff of conjuration
rCold    . . .     Faith    .   C - +2 buckler
rNeg     . . .     Spirit   .   K - quicksilver dragon scales
rPois    +         Reflect  .   (helmet restricted)
rElec    .         Harm     .   k - +0 cloak
rCorr    .         Rampage  .   q - +0 pair of fencer's gloves {Riposte Dex+3}
Will     +++..                  n - +0 pair of boots
Stlth    +++.......             G - amulet of regeneration
HPRegen  0.68/turn              J - ring "Ugri" {*Drain +Inv Will+ AC+4}
MPRegen  0.26/turn              y - ring "Irratt" {rPois SInv Stlth+}

@: corroded
A: hooves 1, horns 1, robust 1
a: Renounce Religion, Evoke Invisibility


You were on level 4 of the Swamp.
You worshipped Vehumet.
Vehumet was exalted by your worship.
You visited 6 branches of the dungeon, and saw 31 of its levels.
You also visited: Ice Cave.

You collected 2961 gold pieces.
You spent 1898 gold pieces at shops.

Inventory:

Missiles
 N - 42 poisoned darts
 S - 5 atropa-tipped darts
 U - 6 javelins
Armour
 k - a +0 cloak (worn)
 n - a +0 pair of boots (worn)
 q - the +0 pair of fencer's gloves (worn) {Riposte Dex+3}
   (You bought it in a shop on level 2 of the Orcish Mines)

   It affects your dexterity (+3).
 C - a +2 buckler (worn)
 K - quicksilver dragon scales (worn)
 M - +2 steam dragon scales
Magical Staves
 O - an uncursed staff of conjuration (weapon)
Jewellery
 c - an uncursed ring of ice
 e - an uncursed ring of flight
 s - an uncursed amulet of the acrobat
 t - an uncursed amulet of faith
 u - an uncursed amulet of magic regeneration
 w - an uncursed ring of protection from cold
 y - the ring "Irratt" (right hand) {rPois SInv Stlth+}
   (You bought it in a shop on level 2 of the Snake Pit)

   [ring of poison resistance]

   It protects you from poison.
   It lets you see invisible.
   It makes you more stealthy.
 G - an amulet of regeneration (around neck)
 J - the ring "Ugri" (left hand) {*Drain +Inv Will+ AC+4}
   (You acquired it on level 1 of the Lair of Beasts)

   [ring of protection]

   It affects your AC (+4).
   It affects your willpower, your defense against some magical effects.
   It lets you turn invisible.
   It causes draining when unequipped.
Wands
 b - a wand of random effects (59)
 f - a wand of flame (33)
 j - a wand of acid (19) {@v2}
 v - a wand of polymorph (11)
 B - a wand of iceblast (31) {@v4}
 F - a wand of paralysis (10)
 L - a wand of disintegration (12)
Scrolls
 a - 3 scrolls of fog
 d - 11 scrolls of remove curse {@r2}
 o - 2 scrolls of identify {@r1}
 p - 5 scrolls of enchant weapon
 r - 3 scrolls of random uselessness
 D - 3 scrolls of summoning
 E - 3 scrolls of enchant armour
 V - a scroll of amnesia
Potions
 g - 3 potions of cancellation
 h - 4 potions of invisibility
 i - 8 potions of curing {@q1}
 l - 5 potions of mutation
 x - 10 potions of ambrosia
 z - 2 potions of might {@q4}
 A - 8 potions of flight
 H - 3 potions of attraction
 I - 2 potions of brilliance {@q6}
 Q - a potion of lignification {unknown}
 R - 3 potions of berserk rage {unknown}
Miscellaneous
 P - a tin of tremorstones (2/2)
 T - a phial of floods
 Z - a phial of floods


   Skills:
 * Level 10.0 Fighting
 * Level 6.4 Armour
 - Level 8.5 Dodging
 - Level 2.4 Stealth
 - Level 3.8 Shields
 + Level 15.2 Spellcasting
 + Level 15.4 Conjurations
 - Level 10.0 Summonings
 + Level 16.6 Fire Magic
 - Level 8.4 Earth Magic
 - Level 11.5 Evocations


You had 3 spell levels left.
You knew the following spells:

 Your Spells              Type           Power        Failure   Level
a - Foxfire               Conj/Fire      100%         0%          1
c - Conjure Flame         Conj/Fire      95%          1%          3
d - Sticky Flame          Conj/Fire      95%          1%          4
e - Fireball              Conj/Fire      47%          1%          5
f - Starburst             Conj/Fire      47%          1%          6
s - Iskenderun's Battles  Conj           93%          1%          5
w - Bolt of Magma         Conj/Fire/Erth 44%          1%          5
O - Orb of Destruction    Conj           46%          3%          7
S - Spellforged Servitor  Conj/Summ      42%          10%         7

Your spell library contained the following spells:

 Spells                   Type           Power        Failure   Level
 Lehudib's Crystal Spear  Conj/Erth      41%          65%         8
 Searing Ray              Conj           100%         0%          2
 Shock                    Conj/Air       100%         1%          1
 Passwall                 Tmut/Erth      30%          1%          2
 Inner Flame              Hex/Fire       54%          1%          3
 Static Discharge         Conj/Air       68%          1%          3
 Animate Skeleton         Necr           34%          8%          1
 Apportation              Tloc           34%          8%          1
 Pain                     Necr           68%          8%          1
 Swiftness                Air            17%          12%         2
 Confusing Touch          Hex            17%          24%         3
 Gell's Gravitas          Tloc           8%           24%         3
 Lesser Beckoning         Tloc           8%           24%         3
 Tukima's Dance           Hex            17%          24%         3
 Fulminant Prism          Conj/Hex       34%          1%          4
 Iskenderun's Mystic Bla  Conj/Tloc      68%          1%          4
 Lee's Rapid Deconstruct  Erth           27%          1%          5
 Lightning Bolt           Conj/Air       34%          2%          5
 Iron Shot                Conj/Erth      41%          2%          6
 Summon Lightning Spire   Summ/Air       40%          10%         4
 Conjure Ball Lightning   Conj/Air       34%          13%         6
 Petrify                  Tmut/Erth      37%          14%         4
 Airstrike                Air            8%           21%         4
 Yara's Violent Unravell  Hex/Tmut       8%           45%         5
 Animate Dead             Necr           8%           61%         4
 Passage of Golubria      Tloc           N/A          61%         4
 Alistair's Intoxication  Tmut/Pois      11%          91%         5
 Metabolic Englaciation   Hex/Ice        8%           91%         5
 Silence                  Hex/Air        8%           91%         5
 Invisibility             Hex            17%          100%        6
 Tornado                  Air            8%           100%        9


Dungeon Overview and Level Annotations

Branches:
Dungeon (15/15)            Temple (1/1) D:6            Lair (6/6) D:11
  Swamp (4/4) Lair:4        Snake (3/4) Lair:4        Slime (0/5) Lair:5
    Orc (2/2) D:10            Elf (0/3) Orc:2        Vaults (0/5) D:14
 Depths (0/5) D:15          IceCv (visited)

Altars:
Cheibriados
Dithmenos
Fedhas
Gozag
Hepliaklqana
Kikubaaqudgha
Makhleb
Nemelex Xobeh
Okawaru
Qazlal
Ru
Sif Muna
Trog
Uskayaw
Vehumet
Wu Jian
Xom
Yredelemnul
Zin
The Shining One
Beogh

Shops:
D:7 (   D:12 =   Orc:2 ([[[   Snake:2 =

Annotations:
D:5 exclusion: oklob plant, Edmund
D:8 Maggie
D:11 1 runed translucent door, Domino's ghost, journeyman MiBe
Lair:1 2 transporters, unihiutale's ghost, novice HuWn
Lair:3 exclusion: 2 oklob plants
Lair:5 Rupert
Swamp:4 Lernaean hydra
Snake:2 1 runed translucent door, exclusion: Roxanne, Roxanne; puimuR's ghost, journeyman HOMo


Innate Abilities, Weirdness & Mutations

You have large cloven feet.
You have a pair of small horns on your head.
You are robust. (+10% HP)


Message History

The briar patch is burned terribly!
You destroy the briar patch!
The tree smoulders and burns.
The bolt of fire hits the seven-headed hydra!!
The seven-headed hydra is heavily wounded.
The bolt of fire hits the eight-headed hydra!!!
The eight-headed hydra is almost dead.
You smell burning wood.
The bolt of fire hits the briar patch!!!
The briar patch is burned terribly!
You destroy the briar patch!
The bolt of fire hits the briar patch!!!!
The briar patch is burned terribly!
You destroy the briar patch!
You smell burning wood.
The bolt of fire misses the seven-headed hydra.
The bolt of fire hits the 27-headed Lernaean hydra!!!
The 27-headed Lernaean hydra is heavily wounded.
You smell burning wood.
The seven-headed hydra bites you!
You die...

♣..≈≈.♣ ♣≈§≈≈≈.♣♣ ♣.≈≈≈≈§≈≈≈ ♣ ♣♣
♣♣.≈≈≈§≈.♣♣♣ ♣≈≈≈≈.§≈≈. ♣ ♣≈♣
♣§.≈≈≈§≈.≈P♣ ≈≈≈≈.§≈≈. ♣♣♣♣≈♣
♣≈≈≈§≈≈§PP♣ ≈≈≈≈≈≈≈≈ ♣≈...♣♣♣
♣≈≈≈≈§≈§P§♣♣♣♣ ♣.≈≈≈≈§≈ .≈≈≈...≈
♣§≈≈D°§.P≈≈≈♣♣ ♣.≈≈≈≈≈≈
≈≈≈≈.≈≈.♣♣♣≈≈§DD@°.§§≈≈♣♣♣.≈≈≈≈≈≈
.....≈≈≈≈≈♣.≈≈≈°D°P.≈≈≈..(.≈.)♣♣
§...≈≈≈......DR°DP§..≈≈≈≈.....≈♣
D...≈§≈.[≈.≈f§≈k§P♣≈≈≈≈≈≈≈.≈..♣♣♣
°..≈w§.....≈♣≈D♣§♣♣≈≈≈≈≈≈≈.♣.≈...
.≈≈§.§≈≈≈).D.≈D♣♣♣ ♣≈....♣♣♣.≈≈§.
≈≈≈≈.♣♣.†<≈≈≈≈≈♣ ♣...<..≈≈≈.≈≈≈
♣≈...≈≈♣≈≈§†F.≈≈.≈.♣≈≈≈≈≈≈.♣♣♣.≈.
≈..♣≈§.♣≈w≈≈≈.♣.≈≈≈..D≈≈≈≈.♣ ♣$.


You could see the 27-headed Lernaean hydra, a thorn hunter, an eleionoma, an
eight-headed hydra (corroded), 2 seven-headed hydras, a four-headed hydra, 3
swamp dragons, a goliath frog (confused) and a swamp drake (catching breath).

Vanquished Creatures
  Asterion (Snake:1)
  A thorn hunter (Swamp:2)
  A nagaraja (Snake:3)
  Louise (D:15)
  2 entropy weavers (D:12)
  2 bunyips
  An ettin (D:13)
  An eleionoma (Swamp:2)
  A shambling mangrove (Swamp:2)
  A yaktaur captain (D:13)
  A rakshasa (D:15)
  8 vault guards (D:14)
  8 naga warriors
  An ice dragon (D:13)
  7 hydras
  A boulder beetle (D:13)
  4 ghost crabs
  3 catoblepae (Lair:6)
  Erica (D:8)
  4 two-headed ogres
  4 centaur warriors
  A queen ant (D:12)
  6 alligators
  2 anacondas
  A deep troll shaman (Lair:6)
  4 orc high priests (Orc:2)
  15 death yaks
  Urug (Orc:1)
  A deep troll earth mage (D:13)
  A tengu warrior (D:15)
  5 naga sharpshooters
  5 shock serpents
  10 skeletal warriors
  A salamander mystic (Snake:2)
  A goliath frog (Swamp:1)
  4 spriggan druids
  A lindwurm (Lair:5)
  6 swamp dragons
  4 bog bodies
  A flayed ghost (D:15)
  5 naga ritualists
  Pikel (D:8)
  2 deep elf magi
  10 mana vipers
  2 orc sorcerers
  An orc knight (Orc:2)
  2 necromancers
  11 ugly things
  5 salamanders
  4 will-o-the-wisps
  2 cyclopes
  3 manticores
  8 elephants
  3 ice statues (IceCv)
  2 centaur zombies (D:10)
  10 naga magi
  4 guardian serpents
  21 black mambas
  8 cane toads
  20 rime drakes
  A spriggan zombie (D:15)
  A freezing wraith (D:15)
  An efreet (D:14)
  A tengu conjurer (D:15)
  6 komodo dragons
  3 meliai (D:15)
  4 polar bears
  4 trolls
  3 bloated husks
  5 tyrant leeches
  A queen bee (D:15)
  11 blink frogs
  6 hornets
  A vampire (D:15)
  A shadow (D:14)
  A wraith (D:12)
  A spriggan skeleton (D:15)
  An ettin skeleton (D:15)
  7 spriggans
  55 yaks
  A fire dragon skeleton (D:15)
  3 nameless horrors
  19 wyverns
  9 basilisks
  2 vampire mosquitoes (Lair:6)
  10 steam dragons
  23 soldier ants (D:12)
  8 swamp worms
  4 wargs
  16 nagas
  An acid dragon (Lair:2)
  13 water moccasins
  3 sky beasts
  11 ice beasts
  3 phantoms
  17 orc warriors
  6 swamp drakes
  An eye of draining (D:10)
  6 black bears
  11 ogres
  2 necrophages
  16 wolves
  12 centaurs
  3 boggarts (D:15)
  3 lemures (D:8)
  2 big kobolds
  18 bullfrogs
  A wyvern zombie (D:10)
  4 scorpions
  16 killer bees (D:15)
  13 wights
  2 howler monkeys (D:13)
  4 quasits
  4 bullfrog zombies
  6 jellies
  2 bullfrog skeletons (D:8)
  12 hounds
  26 orc priests
  5 centaur skeletons
  2 iguanas
  28 orc wizards
  5 hell rats (Lair:4)
  A polar bear simulacrum (D:9)
  31 worker ants
  4 yak simulacra (D:9)
  4 wolf simulacra (D:9)
  3 gnolls (D:10)
  17 adders
  3 shadow imps
  A white imp (D:5)
  2 ufetubi
  An adder skeleton (D:6)
  3 worms
  4 dart slugs
  3 leopard geckos
  63 orcs
  A ball python (D:6)
  4 bats
  6 giant cockroaches
  13 goblins
  7 hobgoblins
  11 jackals
  15 kobolds
  3 quokkas
  5 frilled lizards
  A jackal skeleton (D:5)
  7 rats
  2 river rat simulacra (D:9)
  8 briar patches
938 creatures vanquished.

Vanquished Creatures (collateral kills)
  Vashnia (Snake:2)
  A nagaraja (Snake:2)
  A shambling mangrove (Swamp:3)
  6 naga warriors
  2 hydras
  2 ghost crabs (Swamp:3)
  4 alligators
  2 anacondas (Snake:3)
  A naga sharpshooter (Snake:2)
  A shock serpent (Snake:3)
  A goliath frog (Swamp:2)
  A swamp dragon (Swamp:2)
  A spriggan druid (Swamp:3)
  2 mana vipers
  4 salamanders
  3 naga magi
  4 black mambas (Snake:3)
  7 tyrant leeches
  4 hornets
  2 spriggans
  2 vampire mosquitoes (Swamp:1)
  12 nagas
  4 swamp worms
  3 briar patches (Swamp:2)
  2 foxfires
73 creatures vanquished.

Vanquished Creatures (others)
  An alligator (Swamp:3)
  A mana viper (Snake:3)
  A swamp drake (Swamp:4)
  A quokka (D:5)
  1032 foxfires
  61 fungi
  72 plants
  12 withered plants
1181 creatures vanquished.

Grand Total: 2192 creatures vanquished

Notes
Turn   | Place    | Note
-------+----------+-------------------------------------------
     0 | D:1      | vatarom the Deep Elf Fire Elementalist began the quest for
                  | the Orb.
     0 | D:1      | Reached XP level 1. HP: 10/10 MP: 6/6
   148 | D:1      | Reached XP level 2. HP: 14/15 MP: 0/8
   548 | D:1      | Reached skill level 4 in Fire Magic
   614 | D:1      | Reached XP level 3. HP: 19/19 MP: 6/10
   922 | D:1      | Learned a level 3 spell: Conjure Flame
  1722 | D:2      | Found a stormy altar of Qazlal.
  1772 | D:2      | Reached XP level 4. HP: 18/24 MP: 9/12
  2749 | D:3      | Reached skill level 5 in Fire Magic
  2786 | D:3      | Reached XP level 5. HP: 8/28 MP: 9/13
  3198 | D:4      | Learned a level 3 spell: Inner Flame
  3203 | D:4      | Learned a level 4 spell: Sticky Flame
  3270 | D:4      | Found an ornate altar of the Wu Jian Council.
  3333 | D:4      | Found a radiant altar of Vehumet.
  3371 | D:4      | Became a worshipper of Vehumet
  3973 | D:5      | Entered Level 5 of the Dungeon
  3984 | D:5      | Reached XP level 6. HP: 32/32 MP: 11/15
  4012 | D:5      | Reached skill level 5 in Spellcasting
  4014 | D:5      | Reached skill level 6 in Fire Magic
  4148 | D:5      | Noticed Edmund
  4164 | D:5      | Gained mutation: You are robust. (+10% HP) [potion of
                  | mutation]
  4164 | D:5      | Gained mutation: You have a pair of small horns on your
                  | head. [potion of mutation]
  4164 | D:5      | Gained mutation: You have large cloven feet. [potion of
                  | mutation]
  4646 | D:5      | Found a blossoming altar of Fedhas.
  4657 | D:5      | Noticed an oklob plant
  4850 | D:5      | Found a snail-covered altar of Cheibriados.
  5024 | D:6      | Reached XP level 7. HP: 39/39 MP: 11/17
  5330 | D:6      | Learned a level 5 spell: Fireball
  5330 | D:6      | Found a staircase to the Ecumenical Temple.
  5373 | Temple   | Entered the Ecumenical Temple
  5649 | D:6      | Reached skill level 7 in Fire Magic
  6189 | D:6      | Found a hazy altar of Hepliaklqana.
  6243 | D:6      | Reached skill level 5 in Conjurations
  6502 | D:7      | Reached XP level 8. HP: 45/45 MP: 15/20
  6524 | D:7      | Reached skill level 8 in Fire Magic
  6668 | D:7      | Found Uxzyqe's Weapon Shop.
  6837 | D:7      | Reached * piety under Vehumet
  6837 | D:7      | Offered knowledge of Freeze by Vehumet.
  6957 | D:7      | Reached skill level 9 in Fire Magic
  7265 | D:7      | Learned a level 5 spell: Bolt of Magma
  7865 | D:8      | Reached skill level 1 in Earth Magic
  7888 | D:8      | Reached skill level 1 in Fighting
  7888 | D:8      | Reached XP level 9. HP: 51/51 MP: 13/22
  8147 | D:8      | Noticed Erica
  8156 | D:8      | Killed Erica
  8402 | D:8      | Noticed Maggie
  8676 | D:8      | Reached skill level 10 in Fire Magic
  8970 | D:8      | Noticed Pikel
  8986 | D:8      | Killed Pikel
  8987 | D:8      | Reached skill level 5 in Earth Magic
  9130 | D:8      | Offered knowledge of Sandblast by Vehumet.
  9131 | D:8      | Reached XP level 10. HP: 52/61 MP: 20/23
  9262 | D:9      | Reached ** piety under Vehumet
  9750 | D:9      | Found a shimmering altar of Xom.
  9816 | D:9      | Noticed a necromancer
  9824 | D:9      | Killed a necromancer
 10034 | D:9      | Found an ancient bone altar of Kikubaaqudgha.
 10034 | D:9      | Noticed a cyan ugly thing
 10043 | D:9      | Killed a cyan ugly thing
 10044 | D:9      | Reached skill level 5 in Fighting
 10174 | D:9      | Identified the +12 war axe of Exoneration {protect, rN+
                  | Will++ Str-4}
 10189 | D:9      | Offered knowledge of Frozen Ramparts by Vehumet.
 10517 | D:9      | Found a burning altar of Makhleb.
 10942 | D:9      | Got a polished dagger
 10943 | D:9      | Identified the +1 dagger of Blue Reinforcement {vamp,
                  | Fragile rElec rF+++ Int+2} (You found it on level 9 of the
                  | Dungeon)
 11170 | D:10     | Entered Level 10 of the Dungeon
 11298 | D:10     | Reached skill level 11 in Fire Magic
 11462 | D:10     | Reached *** piety under Vehumet
 12078 | D:10     | Reached skill level 1 in Evocations
 12078 | D:10     | Reached XP level 11. HP: 69/69 MP: 17/25
 12547 | D:10     | Found a staircase to the Orcish Mines.
 12589 | D:10     | Offered knowledge of Hailstorm by Vehumet.
 12715 | D:10     | Found a roughly hewn altar of Beogh.
 13052 | D:11     | Found a staircase to the Lair.
 13160 | D:11     | Found a flagged portal.
 13285 | D:11     | Found a runed translucent door.
 13286 | D:11     | Noticed a spriggan rider
 13287 | D:11     | Noticed Domino's ghost (journeyman MiBe)
 13300 | D:11     | Identified the +11 trident of the Wizarding Wasp {vorpal,
                  | *Drain Str+4 Int+4}
 13404 | D:11     | Reached **** piety under Vehumet
 13583 | D:11     | Learned a level 5 spell: Iskenderun's Battlesphere
 13835 | D:11     | Noticed a white ugly thing
 13840 | D:11     | Killed a white ugly thing
 14011 | D:11     | Noticed a white ugly thing
 14035 | D:11     | Killed a white ugly thing
 14889 | Lair:1   | Entered Level 1 of the Lair of Beasts
 15100 | Lair:1   | Reached skill level 12 in Fire Magic
 15106 | Lair:1   | Reached skill level 10 in Conjurations
 15109 | Lair:1   | Reached skill level 10 in Spellcasting
 15343 | Lair:1   | Identified a scroll of acquirement
 15343 | Lair:1   | Acquired the ring "Ugri" {*Drain +Inv Will+ AC+4}
 15382 | Lair:1   | Identified the +1 spear of True Grit {vorpal, Str+4}
 15382 | Lair:1   | Noticed a spriggan rider
 15384 | Lair:1   | Found a bloodstained altar of Trog.
 15390 | Lair:1   | Identified the +11 demon trident of Floods {antimagic,
                  | +Inv}
 15390 | Lair:1   | Noticed a spriggan rider
 15391 | Lair:1   | Identified the +3 broad axe "Lusemymp" {antimagic, Fragile
                  | +Rage rElec Int+6}
 15391 | Lair:1   | Noticed a spriggan berserker
 15391 | Lair:1   | Noticed unihiutale's ghost (novice HuWn)
 15415 | Lair:1   | Found a transporter.
 15431 | Lair:1   | Found a transporter.
 15534 | Lair:1   | Identified the Volume of Stolen Souls and Battle Magic
 15585 | Lair:1   | Reached skill level 5 in Evocations
 15971 | Lair:2   | Offered knowledge of Iskenderun's Mystic Blast by Vehumet.
 15980 | Lair:2   | Reached XP level 12. HP: 56/74 MP: 1/28
 16118 | Lair:2   | Learned a level 4 spell: Iskenderun's Mystic Blast
 16898 | Lair:2   | Reached skill level 13 in Fire Magic
 16898 | Lair:2   | Reached XP level 13. HP: 79/79 MP: 28/31
 17155 | Lair:2   | Learned a level 6 spell: Iron Shot
 19690 | Lair:4   | Found an iron altar of Okawaru.
 19740 | Lair:4   | Found a staircase to the Swamp.
 19910 | Lair:4   | Found a staircase to the Snake Pit.
 20529 | Lair:4   | Reached ***** piety under Vehumet
 20533 | Lair:4   | Offered knowledge of Irradiate by Vehumet.
 20762 | Lair:4   | Reached skill level 1 in Shields
 21503 | Lair:4   | Reached XP level 14. HP: 69/85 MP: 13/33
 21797 | Lair:5   | Reached skill level 5 in Dodging
 22018 | Lair:5   | Found a staircase to the Slime Pits.
 22260 | Lair:5   | Reached skill level 14 in Fire Magic
 22946 | Lair:5   | Noticed Rupert
 23478 | Lair:6   | Entered Level 6 of the Lair of Beasts
 25451 | Lair:6   | Learned a level 7 spell: Orb of Destruction
 25568 | Lair:6   | Reached skill level 10 in Evocations
 27237 | D:12     | Reached skill level 1 in Armour
 27243 | D:12     | Offered knowledge of Eringya's Noxious Bog by Vehumet.
 27616 | D:12     | Reached XP level 15. HP: 28/90 MP: 11/35
 28239 | D:12     | Got a crude robe
 28242 | D:12     | Identified the +1 robe "Ziraror" {rPois Dex+6} (You found
                  | it on level 12 of the Dungeon)
 28458 | D:12     | Got a wizard robe
 28638 | D:12     | Found Afukuj's Jewellery Boutique.
 29762 | D:13     | Found a frozen archway.
 29781 | IceCv    | Entered an ice cave
 29783 | IceCv    | Reached ****** piety under Vehumet
 30044 | IceCv    | Offered knowledge of Freezing Cloud by Vehumet.
 30257 | IceCv    | Got masterwork ice dragon scales
 30262 | IceCv    | Got a heavily runed leather armour
 30556 | D:13     | Identified the ring of Contention {+Blink rElec Will- Dex+2
                  | Stlth+}
 30702 | D:13     | Identified the cursed +0 robe of Entitlement {rElec rF+}
                  | (You found it on level 12 of the Dungeon)
 30703 | D:13     | Identified the +2 leather armour of Ethics {Harm} (You
                  | found it in an ice cave)
 30994 | D:14     | Identified the +3 ice dragon scales "Mikleih" {Harm rElec
                  | rPois rF- rC++ Stlth+} (You found it in an ice cave)
 31185 | D:15     | Entered Level 15 of the Dungeon
 31312 | D:14     | Reached skill level 15 in Fire Magic
 31442 | D:14     | Found a gate to the Vaults.
 31448 | D:14     | Reached skill level 5 in Armour
 31955 | D:14     | Reached skill level 15 in Spellcasting
 32471 | D:15     | Found a staircase to the Depths.
 32654 | D:15     | Learned a level 7 spell: Spellforged Servitor
 32823 | D:15     | Reached XP level 16. HP: 83/96 MP: 28/37
 32826 | D:15     | Reached skill level 1 in Summonings
 33007 | D:15     | Noticed Louise
 33013 | D:15     | Killed Louise
 33353 | D:15     | Offered knowledge of Starburst by Vehumet.
 33363 | D:15     | Learned a level 6 spell: Starburst
 34020 | Orc:1    | Entered Level 1 of the Orcish Mines
 34568 | Orc:2    | Entered Level 2 of the Orcish Mines
 34568 | Orc:2    | Found a staircase to the Elven Halls.
 35191 | Orc:2    | Offered knowledge of Conjure Ball Lightning by Vehumet.
 35625 | Orc:2    | Found Asoine's Antique Armour Shoppe.
 35625 | Orc:2    | Found Huashekk's Antique Armour Emporium.
 35633 | Orc:2    | Found Xoameitu's Armour Emporium.
 35688 | Orc:2    | Found Iclics's Antique Weapon Shoppe.
 35696 | Orc:2    | Bought the +0 pair of fencer's gloves {Riposte Dex+3} for
                  | 1320 gold pieces
 35696 | Orc:2    | Found the +0 pair of fencer's gloves {Riposte Dex+3}
 36180 | Orc:1    | Noticed Urug
 36185 | Orc:1    | Killed Urug
 36527 | Snake:1  | Entered Level 1 of the Snake Pit
 36719 | Snake:1  | Reached skill level 5 in Summonings
 37391 | Snake:1  | Noticed Asterion
 37850 | Snake:1  | You fall into a shaft and drop 1 floor!
 37968 | Snake:2  | Offered knowledge of Ozocubu's Refrigeration by Vehumet.
 37978 | Snake:2  | Identified Roxanne's Guide on Clay
 37978 | Snake:2  | Noticed Roxanne
 38062 | Snake:2  | Identified the +10 morningstar of Dahaz {vorpal, +Fly rC+}
 38089 | Snake:2  | Noticed Vashnia
 38677 | Snake:1  | Noticed an Executioner
 38684 | Snake:1  | Killed Asterion
 39372 | Snake:2  | Found a runed translucent door.
 39375 | Snake:2  | Found a shimmering altar of Xom.
 39375 | Snake:2  | Noticed puimuR's ghost (journeyman HOMo)
 40384 | Snake:2  | Killed Vashnia
 40385 | Snake:2  | Reached skill level 16 in Fire Magic
 40396 | Snake:2  | Reached XP level 17. HP: 86/106 MP: 3/38
 40591 | Snake:2  | Found Myda's Jewellery Emporium.
 40672 | Snake:2  | Bought the ring "Irratt" {rPois SInv Stlth+} for 578 gold
                  | pieces
 43527 | Snake:3  | Offered knowledge of Lehudib's Crystal Spear by Vehumet.
 43662 | Snake:3  | Reached skill level 15 in Conjurations
 43800 | Snake:3  | Found a glowing silver altar of Zin.
 44206 | Swamp:1  | Entered Level 1 of the Swamp
 46522 | Swamp:2  | Acquired quicksilver dragon scales
 46971 | Swamp:3  | Reached skill level 10 in Summonings
 48003 | Swamp:4  | Entered Level 4 of the Swamp
 49186 | Swamp:4  | Noticed the 27-headed Lernaean hydra
 49427 | Swamp:4  | Reached skill level 10 in Fighting
 49612 | Swamp:4  | HP: 2/112 [seven-headed hydra (9)]
 49613 | Swamp:4  | Mangled by a seven-headed hydra

Illustrated notes

Levels and vault maps discovered:
D:1:      minmay_arrival_five_plusses, layout_rooms
D:2:      layout_basic, nicolae_qazlal_general_emergency
D:3:      layout_rooms
D:4:      layout_loops_cross, nzn_wu_jian_contemplation, kennysheep_mini
D:5:      layout_gridville, lemuel_coloured_pillars_altar, elyvilon_altar_4,
          slow_altar_1, grunt_ministairs_10, minmay_misc_feat_secret_circle,
          tgw_fedhas, uniq_edmund
D:6:      layout_rooms, nzn_hepliaklqana_mist_gate,
          minmay_temple_entry_drinking_statues
D:7:      layout_basic, serial_shops, shop, minmay_bent
D:8:      layout_gridville, minivault_21, uniq_maggie, uniq_erica, uniq_pikel
D:9:      layout_basic, overflow_temple_1_default, xom_teletrap_fun,
          kiku_gazebo_garden_becter, eino_house_with_fridge
D:10:     layout_loops_corners, minmay_orc_entry_temple_small
D:11:     layout_stronghold, david_lair_generic, enter_bailey_8,
          ebering_ghost_funeral_grove
D:12:     layout_basic, serial_shops, shop, minivault_29
D:13:     layout_basic, portal_ice_cave_entry_animals_and_master, minmay_radiant
D:14:     layout_loops_cross, erik_vaults_2, solitary_fountain,
          chequers_mini_garden
D:15:     gammafunk_depths_entry_grave, layout_gridville, special_room
          [special_room_bee], uniq_louise
Temple:   nicolae_temple_hex_pool
Lair:1:   wander_river, layout_chaotic_city, gammafunk_ghost_wrathful_warriors,
          cheibrodos_lair_lostbears
Lair:2:   layout_layer_cave, bobbens_dragon_lair_wall
Lair:3:   layout_layer_cave, minmay_lair_oklob_chamber
Lair:4:   layout_roguey [special_room_mythical_zoo], skrybe_swamp_entry_bodies,
          minmay_snake_entry_guardpost_small, basic_altar, patterned_corridor
Lair:5:   layout_regular_city, slime_dummy, beast_lair_carwin_2, uniq_rupert
Lair:6:   grunt_lair_end_beastmaster, layout_big_grid, pond
Swamp:1:  layout_falls_marsh, nicolae_swamp_little_tower, swamp_pool1,
          nicolae_swamp_spriggan_camp
Swamp:2:  layout_basic_swamp, evilmike_swamp_ruin_rubble_2
Swamp:3:  layout_basic_swamp, evilmike_swamp_ruin_house_4,
          infiniplex_staircase_pool
Swamp:4:  swamp, layout_basic_swamp
Snake:1:  layout_misc_corridors, st_stairs_1, uniq_asterion
Snake:2:  layout_layer_cave, ebering_ghost_xom, serial_shops, shop_fountains,
          serial_bayou_pond_e, lemuel_fruit_tree, uniq_vashnia, uniq_roxanne
Snake:3:  layout_cave_pods, basic_altar
Orc:1:    layout_diamond_mine, uniq_urug
Orc:2:    st_orc_mages, layout_diamond_mine

Skill      XL: |  1  2  3  4  5  6  7  8  9 10 11 12 13 14 15 16 17 |
---------------+----------------------------------------------------+-----
Fire Magic     | 4 5 6 7 9 10 11 12 13 14 15 16 | 16.6
Conjurations   | 2 3 4 5 6 7 8 10 11 12 13 14 15 | 15.4
Spellcasting   | 4 5 6 7 8 10 12 13 14 15 | 15.2
Earth Magic    | 1 5 8 |  8.4
Fighting       | 1 4 5 8 10 | 10.0
Evocations     | 1 5 7 9 10 11 | 11.5
Dodging        | 4 8 |  8.5
Shields        | 1 3 |  3.8
Armour         | 1 5 6 |  6.4
Summonings     | 7 10 | 10.0
Stealth        | |  2.4

Action                   |  1- 3 |  4- 6 |  7- 9 | 10-12 | 13-15 | 16-18 || total
-------------------------+-------+-------+-------+-------+-------+-------++-------
Melee: Unarmed           |     9 |     8 |       |       |       |       ||    17
       Staff             |       |    15 |    33 |    12 |   117 |   132 ||   309
       Headbutt          |       |       |     5 |    15 |    21 |    28 ||    69
       Dagger            |       |       |       |    87 |    22 |       ||   109
 Cast: Foxfire           |   119 |   152 |   161 |   152 |    64 |    12 ||   660
       Sticky Flame      |       |     1 |    30 |    52 |    51 |    14 ||   148
       Fireball          |       |       |     9 |    45 |   148 |    75 ||   277
       Bolt of Magma     |       |       |     3 |    68 |   259 |    51 ||   381
       Iskenderun's Batt |       |       |       |     8 |    12 |     7 ||    27
       Iron Shot         |       |       |       |       |     4 |       ||     4
       Conjure Flame     |       |       |       |       |     1 |       ||     1
       Orb of Destructio |       |       |       |       |    20 |   179 ||   199
       Starburst         |       |       |       |       |       |    77 ||    77
       Spellforged Servi |       |       |       |       |       |    55 ||    55
 Abil: Evoke Invisibilit |       |       |       |       |       |     1 ||     1
Evoke: Wand              |       |       |     2 |       |     2 |     3 ||     7
       Phial of floods   |       |       |       |       |       |     1 ||     1
       Tin of tremorston |       |       |       |       |       |     1 ||     1
  Use: Scroll            |       |     4 |     3 |    18 |    15 |    21 ||    61
       Potion            |       |     4 |     1 |     1 |       |    11 ||    17
 Stab: Sleeping          |       |     1 |     1 |       |     4 |       ||     6
Armor: Robe              |     5 |    11 |    37 |    88 |       |    13 ||   154
       Steam dragon scal |       |       |       |       |    86 |    51 ||   137
       Quicksilver drago |       |       |       |       |       |    86 ||    86
Dodge: Dodged            |    26 |    27 |    96 |   157 |   210 |   282 ||   798
Block: Buckler           |       |       |       |       |    44 |   168 ||   212
       Rpst.: Staff      |       |       |       |       |       |    32 ||    32
